Workbook

Sheet RECAP PARCOURS AUTONOMES
A1: ANALYSE DES PARCOURS VENDEURS
B5: Les prospects | J5: Tracking des parcours
B6: =Récapitulatif!C13 -> 0 | C6: prospects générés par LeLED CONNECT | J6: =Récapitulatif!C17 -> 0 | K6: pages vues
B7: dont | C7: =Récapitulatif!D15 -> #DIV/0! | D7: reviennent plusieurs fois sur l'application | J7: soit | K7: =Récapitulatif!C19 -> #DIV/0! | L7: par prospect
J8: =Récapitulatif!D20 -> #DIV/0! | K8: des visiteurs découvrent au moins 1 programme
J9: =Récapitulatif!C21 -> 0 | K9: programmes visités
B10: L'hyperqualification | J10: Chaque prospect visualise en moyenne | N10: =Récapitulatif!C22 -> #DIV/0! | O10: opérations
B11: Joignabilité
B12: 1 | C12: des coordonnées téléphoniques garanties | J12: =Récapitulatif!C26 -> 0 | K12: prospects consulte au moins 1 lot
B13: Compréhension de leurs attentes profondes | J13: =Récapitulatif!C25 -> 0 | K13: biens consultés
B14: =Récapitulatif!D32 -> #DIV/0! | C14: répondent facilement aux questions d'intérêt | J14: Chaque prospect regarde en moyenne | N14: =Récapitulatif!C27 -> #DIV/0! | O14: biens
B15: Connaissance pointe de leur profil
B16: =Récapitulatif!K24 -> #DIV/0! | C16: effectuent le parcours coach | J16: Conversion
J17: =Récapitulatif!D30 -> #DIV/0! | K17: des parcours se convertissent en prise de rendez-vous
J18: =Récapitulatif!C31 -> 0 | K18: des prospects génèrent une proposition commerciale

Sheet RECAP PARCOURS VENDEURS
A1: ANALYSE DES PARCOURS VENDEURS
B6: =Récapitulatif!C4 -> 0 | C6: profils inscrits
B7: =Récapitulatif!D5 -> #DIV/0! | C7: d'utilisateurs soit | E7: =Récapitulatif!C5 -> 0 | F7: vendeurs actifs
B8: =Récapitulatif!C6 -> #DIV/0! | C8: connexions moyennes par utilisateur
B9: =Récapitulatif!C35 -> 0 | C9: prospects accompagnés
E11: Usage travail | G11: Usage prospect
B12: Nombre de pages vues | E12: =Récapitulatif!C7 -> 0 | G12: =Récapitulatif!C36 -> 0
B13: Nombre de pages vues par session | E13: =Récapitulatif!C8 -> #DIV/0! | G13: =Récapitulatif!C37 -> #DIV/0!
B14: Nombre de programmes vus | E14: =Récapitulatif!C9 -> 0 | G14: =Récapitulatif!C38 -> 0
B15: Nombre de lots vus | E15: =Récapitulatif!C10 -> 0 | G15: =Récapitulatif!C42 -> 0

Sheet Récapitulatif
B3: Vendeurs
B4: Total | C4: =ROWS('Parcours vendeurs'!A3:A998)-COUNTBLANK('Parcours vendeurs'!A3:A998) -> 0
B5: Ayant utilisé l’application | C5: =COUNTIF('Historique des connections'!E3:E1000,">0") -> 0 | D5: =C5/C4 -> #DIV/0!
B6: Nombre de connexions moyennes / vendeur utilisateur | C6: =SUM('Historique des connections'!E3:E10000)/C5 -> #DIV/0!
B7: Nombre de pages vues | C7: =SUM('Parcours vendeurs'!H3:H998) -> 0
B8: Nombre de pages vues par session | C8: =C7/SUM('Historique des connections'!E3:E10000) -> #DIV/0!
B9: Nombre de programmes vus | C9: ='Parcours vendeurs'!M2 -> 0
B10: Nombre de lots vus | C10: ='Parcours vendeurs'!R2 -> 0
B12: Prospect autonome
B13: Total | C13: =ROWS('Parcours Clients'!A4:A999)-COUNTBLANK('Parcours Clients'!A4:A999)-C35 -> 0
B14: Nombre de sessions | C14: =C13+'Parcours Clients'!N3 -> 0
B15: Nombre de prospects qui reviennent | C15: =COUNTIF('Parcours Clients'!N4:N999,">0") -> 0 | D15: =C15/C13 -> #DIV/0! | E15: des prospects font une deuxième visite sur l'appli
B16: nb connexion par prospects | C16: =C14/C13 -> #DIV/0!
B17: nombre de page vues | C17: ='Parcours Clients'!O3 -> 0
B18: nombre de pages vues par sessions | C18: =C17/C14 -> #DIV/0!
B19: Nombre de pages vues par prospect | C19: =C17/C13 -> #DIV/0!
B20: Nombre de prospects qui voient un programme | C20: =COUNTIF('Parcours Clients'!T4:T999,">0") -> 0 | D20: =C20/C13 -> #DIV/0! | E20: des prospects visitent au moins 1 programme
B21: Nombre de programmes vus | C21: ='Parcours Clients'!T3 -> 0
B22: Nombre de programmes vus par prospect | C22: =C21/C20 -> #DIV/0! | E22: programmes consultés par utilisateur actif
B23: Nombre d'interaction pages programmes | C23: ='Parcours Clients'!AN3 -> 0
B24: Nombre de parcours coach | C24: ='Parcours Clients'!P3 -> 0 | D24: =C24/C20 -> #DIV/0! | E24: des visiteurs actifs remplissent le parcours coach | K24: =C24/C13 -> #DIV/0! | L24: des parcours initiés sont hyper qualifiés par le parcours coach
B25: Nombre de lot consultés | C25: ='Parcours Clients'!Y3 -> 0
B26: Nombre de prospects qui voient un lot | C26: =COUNTIF('Parcours Clients'!Y4:Y999,">0") -> 0 | D26: =C26/C20 -> #DIV/0! | E26: des visiteurs actifs consulte au moins 1 lot
B27: Nombre de lot consultés par visiteur actif | C27: =C25/C26 -> #DIV/0! | E27: Un visiteur actif consulte en moyenne 3 lots
B28: Nombre d'interaction pages lots | C28: ='Parcours Clients'!AO3 -> 0
B29: Nombre de rendez-vous pris | C29: ='Parcours Clients'!AD3 -> 0
B30: Nombre de prospects qui prennent un rdv | C30: =COUNTIF('Parcours Clients'!AD4:AD999,">0") -> 0 | D30: =C30/C13 -> #DIV/0! | E30: des visiteurs prennent un rdv avec un conseiller
B31: Nombre de propositions commerciales envoyées | C31: ='Parcours Clients'!E3 -> 0
B32: Nombre de répondant aux questions intérêt | C32: =COUNTIF('Parcours Clients'!AM4:AM999,"oui") -> 0 | D32: =C32/C13 -> #DIV/0! | E32: des prospects donnent des informations aux questions "intérêt"
B34: Prospect lié à un vendeur (contact)
B35: Total | C35: =COUNTIF('Parcours Clients'!$AP$4:$AP$999,"oui") -> 0
B36: nombre de page vues | C36: ='Parcours Clients'!O2 -> 0
B37: nombre de pages vues par prospect | C37: =C36/C35 -> #DIV/0!
B38: Nombre de programme vus | C38: ='Parcours Clients'!T2 -> 0
B39: Nombre de programmes vus par prospect | C39: =C38/C35 -> #DIV/0! | E39: programmes consultés par prospect
B40: Nombre d'interaction pages programmes | C40: ='Parcours Clients'!AN68 -> 0
B41: Nombre de parcours coach | C41: ='Parcours Clients'!P2 -> 0 | D41: =C41/C35 -> #DIV/0! | E41: des vendeurs font entrer les clients dans le parcours coach
B42: Nombre de lot consultés | C42: ='Parcours Clients'!Y2 -> 0
B43: Nombre d'interaction pages lots | C43: ='Parcours Clients'!AO2 -> 0 | D43: soit | E43: =C43/C42 -> #DIV/0! | F43: actions par lot consulté
B44: Nombre de propositions commerciales envoyées | C44: ='Parcours Clients'!E2 -> 0

Sheet Parcours Clients
A1: Prénom | B1: Nom | C1: Email | D1: Téléphone | E1: Envois de propositions visuelles | F1: Ouverture des propositions visuels | G1: Vendeur | H1: Code Région | I1: Code département | J1: Budget | K1: Nombre de personnes | L1: Nombre de chambres | M1: Objectif | N1: Préconnexion | O1: Chargement terminé de page | P1: Coach | Q1: Ajout Comparateur | R1: Ajout Like Programme | S1: Ajout du filtre localisation | T1: Ouverture page programme | U1: Ouverture infos supplémentaires | V1: Ouverture plaquette commerciale | W1: Ouverture maquette 3D | X1: Ouverture offre commerciale | Y1: Ouverture page lot | Z1: Ouverture visites virtuelles | AA1: Ouverture plan 3D | AB1: Ouverture plan pdf | AC1: Ouverture simulation fiscale | AD1: demande_rdv | AE1: Le dynamisme d’un centre-ville | AF1: Des espaces extérieurs confortables | AG1: La proximité des transports | AH1: Un cadre de vie pour ma famille | AI1: La nature | AJ1: Un bureau pour le télétravail | AK1: Un stationnement facile | AL1: Un stationnement facile | AM1: Total centre d’interêt | AN1: Total actions programmes | AO1: Total actions lots | AP1: Est affilié à un vendeur | AQ1: scoring programme | AR1: scoring coach | AS1: scroring lot | AU1: parcours jusqu'au rdv
E2: =SUMIF($AP4:$AP1000,"oui",E4:E1000) -> 0 | F2: =SUMIF($AP4:$AP1000,"oui",F4:F1000) -> 0 | N2: =SUMIF($AP4:$AP1000,"oui",N4:N1000) -> 0 | O2: =SUMIF($AP4:$AP1000,"oui",O4:O1000) -> 0 | P2: =SUMIF($AP4:$AP1000,"oui",P4:P1000) -> 0 | Q2: =SUMIF($AP4:$AP1000,"oui",Q4:Q1000) -> 0 | R2: =SUMIF($AP4:$AP1000,"oui",R4:R1000) -> 0 | S2: =SUMIF($AP4:$AP1000,"oui",S4:S1000) -> 0 | T2: =SUMIF($AP4:$AP1000,"oui",T4:T1000) -> 0 | U2: =SUMIF($AP4:$AP1000,"oui",U4:U1000) -> 0 | ... AE2: =SUMIF($AP4:$AP1000,"oui",AE4:AE1000) -> 0 | AN2: =SUMIF($AP4:$AP1000,"oui",AN4:AN1000) -> 0 | AO2: =SUMIF($AP4:$AP1000,"oui",AO4:AO1000) -> 0 | AW2: Total affilié
E3: =SUMIF($AP4:$AP1000,"non",E4:E1000) -> 0 | F3: =SUMIF($AP4:$AP1000,"non",F4:F1000) -> 0 | N3: =SUMIF($AP4:$AP1000,"non",N4:N1000) -> 0 | O3: =SUMIF($AP4:$AP1000,"non",O4:O1000) -> 0 | P3: =SUMIF($AP4:$AP1000,"non",P4:P1000) -> 0 | Q3: =SUMIF($AP4:$AP1000,"non",Q4:Q1000) -> 0 | R3: =SUMIF($AP4:$AP1000,"non",R4:R1000) -> 0 | S3: =SUMIF($AP4:$AP1000,"non",S4:S1000) -> 0 | T3: =SUMIF($AP4:$AP1000,"non",T4:T1000) -> 0 | U3: =SUMIF($AP4:$AP1000,"non",U4:U1000) -> 0 | ... AE3: =SUMIF($AP4:$AP1000,"non",AE4:AE1000) -> 0 | AN3: =SUMIF($AP4:$AP1000,"non",AN4:AN1000) -> 0 | AO3: =SUMIF($AP4:$AP1000,"non",AO4:AO1000) -> 0 | AW3: Total non affilié
AM4: =IF(COUNTIF(AF4:AL4,"Oui") >0,"Oui","Non") -> Non | AN4: =SUM(U4:X4) -> 0 | AO4: =SUM(Z4:AC4) -> 0 | AP4: =IF(G4<>"","Oui","Non") -> Non | AQ4: =IF(T4>0,100,0) -> 0 | AR4: =IF(Y4>0,1,0) -> 0 | AS4: =IF(Y4>0,1,0) -> 0 | AT4: =SUM(AQ4:AS4) -> 0 | AU4: =IF(AD4>0,AT4,0) -> 0
AM5: =IF(COUNTIF(AF5:AL5,"Oui") >0,"Oui","Non") -> Non | AN5: =SUM(U5:X5) -> 0 | AO5: =SUM(Z5:AC5) -> 0 | AP5: =IF(G5<>"","Oui","Non") -> Non | AQ5: =IF(T5>0,100,0) -> 0 | AR5: =IF(Y5>0,1,0) -> 0 | AS5: =IF(Y5>0,1,0) -> 0 | AT5: =SUM(AQ5:AS5) -> 0 | AU5: =IF(AD5>0,AT5,0) -> 0
AM6: =IF(COUNTIF(AF6:AL6,"Oui") >0,"Oui","Non") -> Non | AN6: =SUM(U6:X6) -> 0 | AO6: =SUM(Z6:AC6) -> 0 | AP6: =IF(G6<>"","Oui","Non") -> Non | AQ6: =IF(T6>0,100,0) -> 0 | AR6: =IF(Y6>0,1,0) -> 0 | AS6: =IF(Y6>0,1,0) -> 0 | AT6: =SUM(AQ6:AS6) -> 0 | AU6: =IF(AD6>0,AT6,0) -> 0
AM7: =IF(COUNTIF(AF7:AL7,"Oui") >0,"Oui","Non") -> Non | AN7: =SUM(U7:X7) -> 0 | AO7: =SUM(Z7:AC7) -> 0 | AP7: =IF(G7<>"","Oui","Non") -> Non | AQ7: =IF(T7>0,100,0) -> 0 | AR7: =IF(Y7>0,1,0) -> 0 | AS7: =IF(Y7>0,1,0) -> 0 | AT7: =SUM(AQ7:AS7) -> 0 | AU7: =IF(AD7>0,AT7,0) -> 0
AM8: =IF(COUNTIF(AF8:AL8,"Oui") >0,"Oui","Non") -> Non | AN8: =SUM(U8:X8) -> 0 | AO8: =SUM(Z8:AC8) -> 0 | AP8: =IF(G8<>"","Oui","Non") -> Non | AQ8: =IF(T8>0,100,0) -> 0 | AR8: =IF(Y8>0,1,0) -> 0 | AS8: =IF(Y8>0,1,0) -> 0 | AT8: =SUM(AQ8:AS8) -> 0 | AU8: =IF(AD8>0,AT8,0) -> 0
AM9: =IF(COUNTIF(AF9:AL9,"Oui") >0,"Oui","Non") -> Non | AN9: =SUM(U9:X9) -> 0 | AO9: =SUM(Z9:AC9) -> 0 | AP9: =IF(G9<>"","Oui","Non") -> Non | AQ9: =IF(T9>0,100,0) -> 0 | AR9: =IF(Y9>0,1,0) -> 0 | AS9: =IF(Y9>0,1,0) -> 0 | AT9: =SUM(AQ9:AS9) -> 0 | AU9: =IF(AD9>0,AT9,0) -> 0
AM10: =IF(COUNTIF(AF10:AL10,"Oui") >0,"Oui","Non") -> Non | AN10: =SUM(U10:X10) -> 0 | AO10: =SUM(Z10:AC10) -> 0 | AP10: =IF(G10<>"","Oui","Non") -> Non | AQ10: =IF(T10>0,100,0) -> 0 | AR10: =IF(Y10>0,1,0) -> 0 | AS10: =IF(Y10>0,1,0) -> 0 | AT10: =SUM(AQ10:AS10) -> 0 | AU10: =IF(AD10>0,AT10,0) -> 0
AM11: =IF(COUNTIF(AF11:AL11,"Oui") >0,"Oui","Non") -> Non | AN11: =SUM(U11:X11) -> 0 | AO11: =SUM(Z11:AC11) -> 0 | AP11: =IF(G11<>"","Oui","Non") -> Non | AQ11: =IF(T11>0,100,0) -> 0 | AR11: =IF(Y11>0,1,0) -> 0 | AS11: =IF(Y11>0,1,0) -> 0 | AT11: =SUM(AQ11:AS11) -> 0 | AU11: =IF(AD11>0,AT11,0) -> 0
AM12: =IF(COUNTIF(AF12:AL12,"Oui") >0,"Oui","Non") -> Non | AN12: =SUM(U12:X12) -> 0 | AO12: =SUM(Z12:AC12) -> 0 | AP12: =IF(G12<>"","Oui","Non") -> Non | AQ12: =IF(T12>0,100,0) -> 0 | AR12: =IF(Y12>0,1,0) -> 0 | AS12: =IF(Y12>0,1,0) -> 0 | AT12: =SUM(AQ12:AS12) -> 0 | AU12: =IF(AD12>0,AT12,0) -> 0
AM13: =IF(COUNTIF(AF13:AL13,"Oui") >0,"Oui","Non") -> Non | AN13: =SUM(U13:X13) -> 0 | AO13: =SUM(Z13:AC13) -> 0 | AP13: =IF(G13<>"","Oui","Non") -> Non | AQ13: =IF(T13>0,100,0) -> 0 | AR13: =IF(Y13>0,1,0) -> 0 | AS13: =IF(Y13>0,1,0) -> 0 | AT13: =SUM(AQ13:AS13) -> 0 | AU13: =IF(AD13>0,AT13,0) -> 0
AM14: =IF(COUNTIF(AF14:AL14,"Oui") >0,"Oui","Non") -> Non | AN14: =SUM(U14:X14) -> 0 | AO14: =SUM(Z14:AC14) -> 0 | AP14: =IF(G14<>"","Oui","Non") -> Non | AQ14: =IF(T14>0,100,0) -> 0 | AR14: =IF(Y14>0,1,0) -> 0 | AS14: =IF(Y14>0,1,0) -> 0 | AT14: =SUM(AQ14:AS14) -> 0 | AU14: =IF(AD14>0,AT14,0) -> 0
AM15: =IF(COUNTIF(AF15:AL15,"Oui") >0,"Oui","Non") -> Non | AN15: =SUM(U15:X15) -> 0 | AO15: =SUM(Z15:AC15) -> 0 | AP15: =IF(G15<>"","Oui","Non") -> Non | AQ15: =IF(T15>0,100,0) -> 0 | AR15: =IF(Y15>0,1,0) -> 0 | AS15: =IF(Y15>0,1,0) -> 0 | AT15: =SUM(AQ15:AS15) -> 0 | AU15: =IF(AD15>0,AT15,0) -> 0
... AM1025: =IF(COUNTIF(AF1025:AL1025,"Oui") >0,"Oui","Non") -> Non | AN1025: =SUM(U1025:X1025) -> 0 | AO1025: =SUM(Z1025:AC1025) -> 0 | AP1025: =IF(G1025<>"","Oui","Non") -> Non | AQ1025: =IF(T1025>0,100,0) -> 0 | AR1025: =IF(Y1025>0,1,0) -> 0 | AS1025: =IF(Y1025>0,1,0) -> 0 | AT1025: =SUM(AQ1025:AS1025) -> 0 | AU1025: =IF(AD1025>0,AT1025,0) -> 0

Sheet Parcours vendeurs
A1: Prénom | B1: Nom | C1: Email | D1: Envois de propositions visuelles | E1: Ouverture des propositions visuels | F1: Prospects | G1: Préconnexion | H1: Chargement terminé de page | I1: Coach | J1: Ajout Comparateur | K1: Ajout Like Programme | L1: Ajout du filtre localisation | M1: Ouverture page programme | N1: Ouverture infos supplémentaires | O1: Ouverture plaquette commerciale | P1: Ouverture maquette 3D | Q1: Ouverture offre commerciale | R1: Ouverture page lot | S1: Ouverture visites virtuelles | T1: Ouverture plan 3D | U1: Ouverture plan pdf | V1: Ouverture simulation fiscale | W1: demande_rdv | X1: Le dynamisme d’un centre-ville | Y1: Des espaces extérieurs confortables | Z1: La proximité des transports | AA1: Un cadre de vie pour ma famille | AB1: La nature | AC1: Un bureau pour le télétravail | AD1: Un stationnement facile | AE1: Un stationnement facile | AF1: Total centre d’interêt | AG1: Total actions programmes | AH1: Total actions lots
D2: =SUM(D3:D999) -> 0 | E2: =SUM(E3:E999) -> 0 | F2: =SUM(F3:F999) -> 0 | G2: =SUM(G3:G999) -> 0 | H2: =SUM(H3:H999) -> 0 | I2: =SUM(I3:I999) -> 0 | J2: =SUM(J3:J999) -> 0 | K2: =SUM(K3:K999) -> 0 | ... X2: =SUM(X3:X999) -> 0 | AG2: =SUM(AG3:AG999) -> 0 | AH2: =SUM(AH3:AH999) -> 0 | AI2: Total
AF4: =IF(COUNTIF(Y4:AE4,"Oui") >0,"Oui","Non") -> Non | AG4: =SUM(N4:Q4) -> 0 | AH4: =SUM(S4:V4) -> 0
AF5: =IF(COUNTIF(Y5:AE5,"Oui") >0,"Oui","Non") -> Non | AG5: =SUM(N5:Q5) -> 0 | AH5: =SUM(S5:V5) -> 0
AF6: =IF(COUNTIF(Y6:AE6,"Oui") >0,"Oui","Non") -> Non | AG6: =SUM(N6:Q6) -> 0 | AH6: =SUM(S6:V6) -> 0
AF7: =IF(COUNTIF(Y7:AE7,"Oui") >0,"Oui","Non") -> Non | AG7: =SUM(N7:Q7) -> 0 | AH7: =SUM(S7:V7) -> 0
AF8: =IF(COUNTIF(Y8:AE8,"Oui") >0,"Oui","Non") -> Non | AG8: =SUM(N8:Q8) -> 0 | AH8: =SUM(S8:V8) -> 0
AF9: =IF(COUNTIF(Y9:AE9,"Oui") >0,"Oui","Non") -> Non | AG9: =SUM(N9:Q9) -> 0 | AH9: =SUM(S9:V9) -> 0
AF10: =IF(COUNTIF(Y10:AE10,"Oui") >0,"Oui","Non") -> Non | AG10: =SUM(N10:Q10) -> 0 | AH10: =SUM(S10:V10) -> 0
AF11: =IF(COUNTIF(Y11:AE11,"Oui") >0,"Oui","Non") -> Non | AG11: =SUM(N11:Q11) -> 0 | AH11: =SUM(S11:V11) -> 0
AF12: =IF(COUNTIF(Y12:AE12,"Oui") >0,"Oui","Non") -> Non | AG12: =SUM(N12:Q12) -> 0 | AH12: =SUM(S12:V12) -> 0
AF13: =IF(COUNTIF(Y13:AE13,"Oui") >0,"Oui","Non") -> Non | AG13: =SUM(N13:Q13) -> 0 | AH13: =SUM(S13:V13) -> 0
AF14: =IF(COUNTIF(Y14:AE14,"Oui") >0,"Oui","Non") -> Non | AG14: =SUM(N14:Q14) -> 0 | AH14: =SUM(S14:V14) -> 0
AF15: =IF(COUNTIF(Y15:AE15,"Oui") >0,"Oui","Non") -> Non | AG15: =SUM(N15:Q15) -> 0 | AH15: =SUM(S15:V15) -> 0
... AF1024: =IF(COUNTIF(Y1024:AE1024,"Oui") >0,"Oui","Non") -> Non | AG1024: =SUM(N1024:Q1024) -> 0 | AH1024: =SUM(S1024:V1024) -> 0

Sheet Historique des connections
A1: Prénom | B1: Nom | C1: Email | D1: Prospects | E1: Total
E2: =SUM(F2:DU2) -> 0
E3: =SUM(F3:DU3) -> 0
E4: =SUM(F4:DU4) -> 0
E5: =SUM(F5:DU5) -> 0
E6: =SUM(F6:DU6) -> 0
E7: =SUM(F7:DU7) -> 0
E8: =SUM(F8:DU8) -> 0
E9: =SUM(F9:DU9) -> 0
E10: =SUM(F10:DU10) -> 0
E11: =SUM(F11:DU11) -> 0
E12: =SUM(F12:DU12) -> 0
E13: =SUM(F13:DU13) -> 0
... E999: =SUM(F999:DU999) -> 0
